 Dungeon Crawl Stone Soup version 0.28-a0-1415-g7c84da036a (webtiles) character file.

Game seed: 10385754246619204421

85677 shoop the Carver (level 16, -6/113 HPs)
             Began as a Djinni Hedge Wizard on Jan 7, 2022.
             Was a High Priest of Elyvilon.
             Mangled by a demonic crawler (8 damage)
             ... led by a torpor snail
             ... on level 1 of the Spider Nest on Jan 10, 2022.
             The game lasted 02:16:30 (46369 turns).

shoop the Carver (Djinni Hedge Wizard)             Turns: 46369, Time: 02:16:32

Health: -6/113     AC: 11    Str: 17    XL:     16   Next: 31%
Gold:   490        EV: 14    Int: 26    God:    Elyvilon [*****.] SH: 14 Dex: 15

rFire   + + .      SeeInvis .   x - +12 long sword of Exquisite Torment {antimagic, Int+6}
rCold   . . .      Faith    +   V - +4 kite shield "Nunaeta" {Will+}
rNeg    . . .      Spirit   .   h - +5 leather armour of Polish {Stlth+}
rPois   ∞          Reflect  .   d - +1 hat {Will+}
rElec   .          Harm     .   u - +0 cloak
rCorr   .          Rampage  .   X - +0 pair of gloves
Will    +++..                   (boots unavailable)
Stlth   +++.......              p - amulet of faith
HPRegen 0.28/turn               t - +6 ring of strength
MPRegen 0.00/turn               W - ring of protection from cold

@: flying, slowed, very slow
A: sickness immunity, fire resistance 2, cold vulnerability 1, float, innate
caster, hp casting, extra vitality 1
a: Renounce Religion, Purification, Heal Other, Heal Self, Divine Vigour


You were on level 1 of the Spider Nest.
You worshipped Elyvilon.
Elyvilon was extremely pleased with you.
You visited 5 branches of the dungeon, and saw 25 of its levels.

You collected 2675 gold pieces.
You spent 2185 gold pieces at shops.

Inventory:

Hand Weapons
 x - the +12 long sword of Exquisite Torment (weapon) {antimagic, Int+6}
   (You found it on level 6 of the Dungeon)

   It reduces the magical energy of the wielder, and disrupts the spells and
   magical abilities of those it strikes.
   Natural abilities and divine invocations are not affected.
   Int:       It affects your intelligence (+6).
Missiles
 n - 11 silver javelins
 s - 9 atropa-tipped darts
 Q - 9 throwing nets
Armour
 d - a +1 hat of willpower (worn)
 h - the +5 leather armour of Polish (worn) {Stlth+}
   (You bought it in a shop on level 6 of the Dungeon)

   Stlth:     It makes you more stealthy.
 l - the +3 chain mail "Rida" {rElec Str+3 Int+4}
   (You took it off an orc warrior on level 10 of the Dungeon)

   Str:       It affects your strength (+3).
   Int:       It affects your intelligence (+4).
   rElec:     It insulates you from electricity.
 u - a +0 cloak (worn)
 E - an orb of mayhem
 G - a +2 chain mail of cold resistance
 V - the +4 kite shield "Nunaeta" (worn) {Will+}
   (You took it off Donald on level 1 of the Spider Nest)

   Will:      It increases your willpower.
 X - a +0 pair of gloves (worn)
Jewellery
 b - a ring of see invisible
 k - the amulet "Pad Lyg" {Reflect Fragile Str+7 SH+5}
   (You found it on level 3 of the Lair of Beasts)

   [amulet of reflection]

   It reflects blocked missile attacks.
   Str:       It affects your strength (+7).
   Fragile:   It will be destroyed if unequipped.
   SH:        It affects your SH (+5).
 m - a +4 ring of slaying
 p - an amulet of faith (around neck)
 t - a +6 ring of strength (left hand)
 z - an amulet of the acrobat
 W - a ring of protection from cold (right hand)
Wands
 f - a wand of digging (3)
 w - a wand of paralysis (7)
 A - a wand of iceblast (4)
 F - a wand of flame (21)
 K - a wand of acid (22)
 U - a wand of polymorph (4)
 Y - a wand of mindburst (3)
Scrolls
 a - 2 scrolls of blinking
 e - 2 scrolls of vulnerability
 i - 3 scrolls of immolation
 o - a scroll of torment
 v - a scroll of holy word
 y - 11 scrolls of teleportation
 B - 3 scrolls of enchant weapon
 C - 4 scrolls of enchant armour
 J - a scroll of summoning {unknown}
 O - 6 scrolls of fog
 R - a scroll of silence
 S - a scroll of brand weapon
 T - 2 scrolls of fear
Potions
 c - 6 potions of ambrosia
 g - 3 potions of attraction
 q - 6 potions of lignification
 r - 6 potions of mutation
 D - 4 potions of curing
 I - a potion of resistance
 L - a potion of haste
 M - a potion of cancellation
 N - 2 potions of might
 P - 7 potions of heal wounds {unknown}
 Z - a potion of brilliance
Miscellaneous
 j - a phantom mirror


   Skills:
 - Level 10.0 Fighting
 - Level 14.0 Long Blades
 - Level 1.0 Staves
 + Level 4.2 Armour
 + Level 8.2 Dodging
 - Level 4.0 Stealth
 + Level 6.4 Shields
 + Level 11.7 Spellcasting
 - Level 10.0 Invocations
 - Level 4.5 Evocations


You couldn't memorise any spells.
You knew the following spells:

 Your Spells              Type           Power      Damage    Failure   Level
a - Magic Dart            Conj           100%       1d8       1%          1
b - Blink                 Tloc           100%       N/A       1%          2
c - Call Imp              Summ           66%        N/A       1%          2
d - Slow                  Hex            100%       N/A       1%          1
e - Conjure Flame         Conj/Fire      66%        6-21      1%          3
f - Mephitic Cloud        Conj/Pois/Air  66%        N/A       1%          3
g - Animate Skeleton      Necr           100%       N/A       1%          1
h - Corpse Rot            Necr/Air       100%       N/A       1%          2
i - Ignite Poison         Fire/Tmut/Pois 66%        N/A       1%          3
j - Cause Fear            Hex            33%        N/A       1%          4
k - Lee's Rapid Deconstr  Erth           33%        3d18*     2%          5
l - Alistair's Intoxicat  Tmut/Pois      44%        N/A       2%          5
m - Conjure Ball Lightni  Conj/Air       33%        3x3d11    16%         6
Your spell library was empty.

Dungeon Overview and Level Annotations

Branches:
Dungeon (14/15)            Temple (1/1) D:4            Lair (6/6) D:11
  Snake (0/4) Lair:3       Spider (2/4) Lair:4        Slime (0/5) Lair:6
    Orc (2/2) D:10            Elf (0/3) Orc:2
 Vaults: D:13-14

Altars:
Ashenzari
Cheibriados
Dithmenos
Elyvilon
Fedhas
Gozag
Hepliaklqana
Kikubaaqudgha
Makhleb
Nemelex Xobeh
Okawaru
Qazlal
Ru
Sif Muna
Trog
Uskayaw
Vehumet
Wu Jian
Xom
Yredelemnul
Zin
The Shining One
Beogh
Jiyva

Shops:
D:3 !   D:6 [   D:10 (   Orc:2 [?[==

Annotations:
D:14 Agnes, Azrael, Nessos
Lair:4 Rupert
Lair:5 exclusion: upstairs
Spider:2 exclusions: 2 culicivoras and torpor snail, Frances
Orc:1 Gastronok


Innate Abilities, Weirdness & Mutations

You are immune to sickness and miasma.
You are immune to poison.
Your flesh is very heat resistant. (rF++)
You are vulnerable to cold. (rC-)
You float through the air rather than walking.
You learn spells naturally, not from books.
Your magical power is your life essence.
You have superior vitality. (+4 MHP)


Message History

Unknown command.
Unknown command.
Unknown command.
The culicivora is engulfed in noxious fumes.
The culicivora appears confused.
The culicivora barely misses you.
The culicivora is engulfed in noxious fumes.
The culicivora appears confused.
The torpor snail is engulfed in noxious fumes.
The torpor snail appears confused.
The demonic crawler barely misses you. The demonic crawler closely misses you.
The demonic crawler hits you.
* * * LOW HITPOINT WARNING * * *
Casting: Mephitic Cloud (safe; 1% risk of failure)
Confirm with . or Enter, or press ? or * to list all spells.
You ignite the poison in your surroundings!
* * * LOW HITPOINT WARNING * * *
The demonic crawler is engulfed in blazing flames.
You block the demonic crawler's attack. The demonic crawler misses you.
You block the demonic crawler's attack.
The culicivora is engulfed in blazing flames.
The torpor snail is engulfed in blazing flames.
The demonic crawler hits you!
* * * LOW HITPOINT WARNING * * *
The demonic crawler hits you but does no damage.
The demonic crawler hits you.
* * * LOW HITPOINT WARNING * * *
Unknown command.
You don't have enough health at the moment.
You hit the demonic crawler but do no damage.
The demonic crawler is severely wounded.
The culicivora is engulfed in blazing flames.
You kill the culicivora!
You block the demonic crawler's attack. The demonic crawler hits you!
Elyvilon protects you from harm! You block the demonic crawler's attack.
The torpor snail is engulfed in blazing flames.
You kill the torpor snail!
The demonic crawler is engulfed in blazing flames.
The demonic crawler hits you but does no damage.
You block the demonic crawler's attack. The demonic crawler hits you!
You die...

..^.####....#.....#.##
.......#....#....##..####
.......###..#...##...##.#####
...###.#.#..#...#...##..#.#.###
#...#..........#....##..#...#.#
##..###........#..###...#...^.#
.#..#.#........#..#.#........###
....^.#....#####))#.....^##....#
[.....#....#.#.#@.#.......#....#
......##.....#.§s○#....##.#..#.#
.......#.....#.§○○#......#######
#..#...###...#☼☼###...#.##
#..##..(#....#...#..###s.#
####....##...#.......#s.## .##
.#.####..#..........##..##...#
.....#...##.....###.....^....#
.....[......[.#........s##...#


You could see a demonic crawler.

Vanquished Creatures
  Donald (Spider:1)
  Erolcha (D:9)
  7 hydras
  The ghost of HallandMoats the End of an Era, a journeyman DsFi of Qazlal (D:9)
  A boulder beetle (D:12)
  2 catoblepae
  An ogre mage (D:12)
  2 centaur warriors
  Erica (D:10)
  A death knight (D:13)
  4 two-headed ogres
  A deep troll shaman (Lair:6)
  3 death yaks (Lair:6)
  Urug (Orc:2)
  4 orc high priests (Orc:2)
  Sonja (D:12)
  A steelbarb worm (Spider:1)
  A fire crab (Lair:3)
  2 orb spiders (Spider:1)
  3 orc sorcerers
  A wolf spider (shapeshifter) (D:12)
  3 wolf spiders (Spider:1)
  2 manticores
  A moth of wrath (Spider:1)
  A cyclops (D:12)
  An ugly thing (D:13)
  7 elephants
  8 black mambas
  4 torpor snails
  6 rime drakes
  8 cane toads
  A gargoyle (D:12)
  3 kobold demonologists (D:12)
  An efreet (D:11)
  7 komodo dragons
  2 polar bears
  Grinder (D:3)
  11 meliai (Spider:1)
  A queen bee (Lair:3)
  A hornet (D:8)
  2 trolls
  3 tarantellas (Spider:1)
  11 slime creatures
  A wind drake (shapeshifter) (D:13)
  10 dream sheep
  18 blink frogs
  8 culicivoras (Spider:1)
  16 jumping spiders (Spider:1)
  A shadow (D:9)
  4 wyverns
  A yak (shapeshifter) (D:9)
  A vampire (D:13)
  2 basilisks
  3 wraiths
  15 vampire mosquitoes
  28 yaks
  2 fire elementals (D:13)
  3 steam dragons
  22 redbacks
  3 nagas (Lair:3)
  3 acid dragons
  2 wargs
  14 water moccasins
  3 hell hounds (D:13)
  3 black bears
  A hornet zombie (D:8)
  17 orc warriors
  2 necrophages
  3 ice beasts
  A sky beast (shapeshifter) (D:13)
  3 ogres
  4 centaurs
  17 wolves
  A kobold brigand (D:8)
  10 bullfrogs
  6 gnoll sergeants
  A wyvern zombie (D:8)
  6 scorpions
  A water moccasin zombie (D:6)
  22 killer bees (Lair:3)
  2 vampire bats (D:3)
  8 wights
  4 electric eels
  6 howler monkeys
  5 centaur zombies
  A bullfrog zombie (D:6)
  A centaur skeleton (D:5)
  9 hounds
  3 jellies
  28 orc priests
  4 gnoll shamans (D:10)
  A bullfrog skeleton (D:6)
  40 orc wizards
  3 hell rats (Lair:3)
  2 howler monkey zombies
  45 gnolls
  8 adders
  An ufetubus (D:4)
  2 worms (D:3)
  2 dart slugs
  76 orcs
  4 ball pythons
  8 bats
  2 bat skeletons (D:3)
  4 bat zombies (D:3)
  7 endoplasms
  3 giant cockroaches
  9 goblins
  7 hobgoblins
  5 jackals (D:10)
  14 kobolds
  2 quokkas
  A frilled lizard (D:2)
  7 rats
  A butterfly (Lair:5)
708 creatures vanquished.

Vanquished Creatures (collateral kills)
  A wolf spider (Spider:1)
  2 tarantellas (Spider:1)
  A killer bee (Lair:3)
  6 ball lightnings
10 creatures vanquished.

Vanquished Creatures (others)
  A wolf spider (Spider:1)
  A jumping spider (Spider:1)
  A culicivora (Spider:1)
  4 redbacks (Spider:1)
  A killer bee (Lair:3)
  70 ball lightnings
  A bush (Lair:6)
  28 fungi
  112 plants
219 creatures vanquished.

Grand Total: 937 creatures vanquished

Notes
Turn   | Place    | Note
-------+----------+-------------------------------------------
     0 | D:1      | shoop the Djinni Hedge Wizard began the quest for the Orb.
     0 | D:1      | Reached XP level 1. HP: 15/15 MP: 0/0
   593 | D:1      | Reached XP level 2. HP: 14/21 MP: 0/0
  1119 | D:1      | Found a faded altar of an unknown god.
  1489 | D:2      | Reached XP level 3. HP: 23/25 MP: 0/0
  1489 | D:2      | Learned a level 1 spell: Animate Skeleton
  2245 | D:2      | Reached XP level 4. HP: 23/31 MP: 0/0
  3454 | D:3      | Noticed Grinder
  3799 | D:3      | Reached XP level 5. HP: 22/35 MP: 0/0
  3799 | D:3      | Learned a level 2 spell: Corpse Rot
  3810 | D:2      | HP: 1/35 [orc (3)]
  4443 | D:4      | Found a staircase to the Ecumenical Temple.
  4452 | Temple   | Entered the Ecumenical Temple
  4615 | Temple   | Became a worshipper of Elyvilon the Healer
  4996 | D:4      | Reached * piety under Elyvilon
  5370 | D:3      | Found Etsod's Distillery.
  5436 | D:3      | Bought a potion of lignification for 33 gold pieces
  5436 | D:3      | Bought a potion of mutation for 88 gold pieces
  5471 | D:3      | Reached XP level 6. HP: 15/40 MP: 0/0
  5740 | D:3      | Found a shimmering altar of Xom.
  5771 | D:3      | Reached skill level 5 in Spellcasting
  6375 | D:3      | Reached ** piety under Elyvilon
  6925 | D:5      | Entered Level 5 of the Dungeon
  6925 | D:5      | Noticed an ice beast
  6998 | D:5      | Reached XP level 7. HP: 29/45 MP: 0/0
  6998 | D:5      | Learned a level 3 spell: Ignite Poison
  7711 | D:5      | Found a bloodstained altar of Trog.
  7882 | D:5      | Reached XP level 8. HP: 44/51 MP: 0/0
  8292 | D:5      | Reached *** piety under Elyvilon
  8668 | D:3      | Killed Grinder
  8669 | D:3      | Reached skill level 1 in Staves
  8669 | D:3      | Reached skill level 1 in Invocations
  9005 | D:6      | Reached skill level 1 in Fighting
  9352 | D:6      | Identified the +12 long sword of Exquisite Torment
                  | {antimagic, Int+6}
  9468 | D:6      | Reached XP level 9. HP: 46/57 MP: 0/0
  9468 | D:6      | Learned a level 4 spell: Cause Fear
  9625 | D:6      | Reached skill level 1 in Long Blades
 10027 | D:6      | Found Gicveu's Armour Boutique.
 10075 | D:7      | Reached **** piety under Elyvilon
 10082 | D:7      | Reached skill level 2 in Long Blades
 10237 | D:7      | Found a glowing silver altar of Zin.
 10332 | D:7      | Reached skill level 3 in Long Blades
 10619 | D:7      | Elyvilon protects you from harm!
 10629 | D:7      | Reached skill level 4 in Long Blades
 11327 | D:8      | Found a sparkling altar of Nemelex Xobeh.
 11506 | D:8      | Noticed a hornet
 11515 | D:8      | Killed a hornet
 11516 | D:8      | Reached skill level 5 in Long Blades
 11842 | D:8      | Reached skill level 6 in Long Blades
 11855 | D:8      | Reached XP level 10. HP: 47/62 MP: 0/0
 12012 | D:8      | Reached skill level 1 in Evocations
 12240 | D:8      | Reached ***** piety under Elyvilon
 12451 | D:8      | Reached skill level 7 in Long Blades
 12989 | D:3      | Bought a potion of haste for 110 gold pieces
 12989 | D:3      | Bought a potion of cancellation for 88 gold pieces
 12989 | D:3      | Bought a potion of might for 44 gold pieces
 12990 | D:3      | Identified a scroll of acquirement
 13063 | D:8      | Acquired 684 gold pieces
 13128 | D:6      | Bought the +5 leather armour of Polish {Stlth+} for 515
                  | gold pieces
 13510 | D:9      | Noticed a two-headed ogre
 13526 | D:9      | Killed a two-headed ogre
 13527 | D:9      | Reached skill level 1 in Armour
 13527 | D:9      | Reached skill level 1 in Shields
 13530 | D:9      | Noticed a two-headed ogre
 13655 | D:9      | Elyvilon protects you from harm!
 13657 | D:9      | Killed a two-headed ogre
 13658 | D:9      | Reached skill level 8 in Long Blades
 13954 | D:9      | Noticed a two-headed ogre
 13963 | D:9      | Killed a two-headed ogre
 14237 | D:9      | Reached skill level 9 in Long Blades
 14598 | D:9      | Noticed Erolcha
 14614 | D:9      | Reached XP level 11. HP: 57/67 MP: 0/0
 14614 | D:9      | Learned a level 5 spell: Lee's Rapid Deconstruction
 15014 | D:10     | Entered Level 10 of the Dungeon
 15872 | D:10     | Reached skill level 10 in Long Blades
 16238 | D:10     | Reached skill level 5 in Shields
 16483 | D:10     | Noticed Erica
 16509 | D:9      | Killed Erolcha
 16722 | D:10     | Killed Erica
 16723 | D:10     | Reached skill level 11 in Long Blades
 17286 | D:10     | Found a runed translucent gate.
 17291 | D:10     | Found a runed translucent gate.
 17292 | D:10     | Found a runed translucent gate.
 17324 | D:10     | Noticed HallandMoats's ghost (journeyman DsFi)
 17326 | D:10     | Identified the +3 chain mail "Rida" {rElec Str+3 Int+4}
 17376 | D:10     | Found Faabir's Antique Weapon Shop.
 18020 | D:10     | Found a staircase to the Orcish Mines.
 18522 | Orc:1    | Entered Level 1 of the Orcish Mines
 18959 | D:11     | Found a staircase to the Lair.
 18984 | D:11     | Reached XP level 12. HP: 43/74 MP: 0/0
 19801 | D:12     | Noticed an ogre mage
 19801 | D:12     | Noticed Sonja
 19909 | D:12     | Noticed a centaur warrior
 19959 | Lair:1   | Entered Level 1 of the Lair of Beasts
 19959 | Lair:1   | Reached ****** piety under Elyvilon
 20260 | Lair:1   | Noticed a six-headed hydra
 20290 | Lair:1   | You are sucked into a shaft and drop 1 floor!
 20506 | Lair:1   | Noticed a seven-headed hydra
 20571 | Lair:1   | Reached skill level 12 in Long Blades
 21219 | Lair:2   | Reached skill level 5 in Invocations
 21737 | Lair:2   | Noticed a five-headed hydra
 22007 | Lair:3   | Noticed a seven-headed hydra
 23048 | Lair:3   | Noticed a six-headed hydra
 23056 | Lair:3   | Pacified a six-headed hydra
 23057 | Lair:3   | Reached XP level 13. HP: 61/85 MP: 0/0
 23057 | Lair:3   | Learned a level 5 spell: Alistair's Intoxication
 23064 | Lair:3   | Reached skill level 5 in Fighting
 23302 | Lair:3   | Reached skill level 13 in Long Blades
 23344 | Lair:3   | Killed a seven-headed hydra
 23605 | Lair:3   | Noticed a catoblepas
 23620 | Lair:3   | Killed a catoblepas
 23701 | Lair:3   | Identified the amulet "Pad Lyg" {Reflect Fragile Str+7
                  | SH+5}
 23961 | Lair:3   | Found a staircase to the Snake Pit.
 24034 | Lair:4   | Noticed a seven-headed hydra
 24971 | Orc:2    | Entered Level 2 of the Orcish Mines
 24995 | Orc:2    | Found Bulafoec's Jewellery Emporium.
 25065 | Orc:1    | Noticed Gastronok
 25669 | Orc:2    | Found a staircase to the Elven Halls.
 25789 | Orc:2    | Noticed Urug
 25814 | Orc:2    | Killed Urug
 27291 | Orc:2    | Reached skill level 14 in Long Blades
 27518 | Orc:2    | Found Diluf's Jewellery Shop.
 27518 | Orc:2    | Found Erphynim's Magic Scroll Boutique.
 27519 | Orc:2    | Found Penkunual's Antique Armour Boutique.
 27548 | Orc:2    | Found Quw Seap's Antique Armour Shop.
 27554 | Orc:2    | Bought a scroll of blinking for 105 gold pieces
 27554 | Orc:2    | Bought a scroll of noise for 14 gold pieces
 27554 | Orc:2    | Bought a scroll of fog for 28 gold pieces
 27554 | Orc:2    | Bought a scroll of teleportation for 42 gold pieces
 27584 | Orc:2    | Bought a runed orb for 336 gold pieces
 27585 | Orc:2    | Bought a runed orb for 336 gold pieces
 27589 | Orc:2    | Bought an amulet of the acrobat for 390 gold pieces
 27594 | Orc:2    | Bought a scroll of identify for 28 gold pieces
 27594 | Orc:2    | Bought a scroll of identify for 28 gold pieces
 27699 | D:9      | Killed HallandMoats's ghost
 27700 | D:9      | Reached XP level 14. HP: 50/94 MP: 0/0
 29450 | D:12     | Killed Sonja
 29451 | D:12     | Reached skill level 10 in Spellcasting
 29545 | D:12     | Elyvilon protects you from harm!
 32191 | D:14     | Noticed Azrael
 32192 | D:14     | Noticed Nessos
 33268 | D:14     | Noticed Agnes
 34597 | Lair:4   | Found a hole to the Spider Nest.
 35614 | Lair:4   | Noticed Rupert
 35680 | Lair:5   | Reached XP level 15. HP: 53/105 MP: 0/0
 35680 | Lair:5   | Learned a level 6 spell: Conjure Ball Lightning
 36243 | Lair:6   | Entered Level 6 of the Lair of Beasts
 36272 | Lair:6   | Found a viscous altar of Jiyva.
 36272 | Lair:6   | Found a staircase to the Slime Pits.
 36703 | Lair:1   | Reached skill level 10 in Invocations
 38038 | Lair:5   | HP: 2/107 [cane toad (19)]
 38039 | Lair:5   | Elyvilon protects you from harm!
 38040 | Lair:5   | Elyvilon protects you from harm!
 39039 | Lair:6   | Reached skill level 10 in Fighting
 40228 | Lair:6   | Reached skill level 5 in Dodging
 43127 | Lair:6   | Identified the ring of Suxoung {Contam Fly rF+ Dex+4}
 43129 | Lair:6   | Identified the +1 hand crossbow "Omel" {vorpal, rF+}
 43305 | Spider:1 | Entered Level 1 of the Spider Nest
 43611 | Spider:1 | HP: 5/107 [tarantella (9)]
 43717 | Spider:1 | Reached XP level 16. HP: 36/113 MP: 0/0
 44747 | Spider:1 | Identified the +4 kite shield "Nunaeta" {Will+}
 44747 | Spider:1 | Noticed Donald
 44779 | Spider:1 | Killed Donald
 45407 | Spider:2 | Noticed Frances
 46368 | Spider:1 | HP: 5/113 [demonic crawler[a torpor snail] (10)]
 46368 | Spider:1 | HP: 2/113 [demonic crawler[a torpor snail] (3)]
 46369 | Spider:1 | Elyvilon protects you from harm!
 46369 | Spider:1 | Mangled by a demonic crawler

Illustrated notes

Levels and vault maps discovered:
D:1:      dpeg_arrival_radiant, layout_basic, basic_ecumenical_altar,
          st_stairs_12
D:2:      layout_basic
D:3:      wad_crossroads, layout_basic, dk_xom_monty_hall,
          kennysheep_vampire_church, mainiacjoe_overflow_alcove_1, serial_shops,
          nicolae_shop_hallway_plus, uniq_grinder
D:4:      layout_gridville, minmay_temple_entry_ruins, minivault_23
D:5:      layout_cave_pods, lemuel_coloured_pillars_altar,
          minmay_a_box_with_orc_wizards_in_it
D:6:      layout_basic, serial_shops, kennysheep_mini_moat,
          nicolae_zen_rock_garden
D:7:      layout_basic, zin_academy
D:8:      kennysheep_blocky_hall, layout_basic, nemelex_spade_bored_becter
D:9:      layout_loops_ring, grunt_ogre_cave, minivault_5, chequers_garden,
          uniq_erolcha
D:10:     layout_cross, orc_0_dummy, serial_gnoll_camp,
          gnoll_camp_mini_doghouse, gnoll_camp_mini_hut, gnoll_camp_huts_moat,
          gnoll_camp_medium_01, gnoll_camp_mini_house, gnoll_camp_mini_shop,
          biasface_ghost_orc_armoury, serial_bayou_lagoon_a,
          due_unseen_surprise, uniq_erica
D:11:     layout_basic, lair_entry_dummy
D:12:     layout_loops_ring, kb_rosetta, uniq_sonja
D:13:     layout_basic, gauntlet_entry_generic, hangedman_decor_lopped
D:14:     layout_rooms, hangedman_vaults_entry_quadrant_bands, serial_shops,
          shop, uniq_agnes, uniq_azrael, uniq_nessos
Temple:   eino_temple_rhombus
Lair:1:   layout_long_grid, grunt_megastairs_2
Lair:2:   layout_roguey
Lair:3:   layout_roguey, minmay_snake_entry_guardpost_small, special_room
          [special_room_bee], serial_bayou_pond_c, nicolae_lair_lakeside_cave
Lair:4:   layout_roguey, spider_nest_entry_rubble, kennysheep_catoblepas_arena,
          uniq_rupert
Lair:5:   layout_roguey, serial_bayou_lake_a, lemuel_fruit_fields
Lair:6:   grunt_lair_end_beastmaster, layout_layer_cave, slime_altar_1,
          minmay_lair_drake_nest, serial_bayou_shore_a
Spider:1: layout_spider_delve, portal_ice_cave_entry_pillars_2,
          nicolae_spider_baby_got_redback, uniq_donald
Spider:2: layout_spider_delve, uniq_frances
Orc:1:    layout_caves, basic_altar, guppyfry_library_mini, uniq_gastronok
Orc:2:    st_orc_mages, layout_caves, minmay_shop_enchanted_jewellery, uniq_urug

Skill      XL: |  1  2  3  4  5  6  7  8  9 10 11 12 13 14 15 16 |
---------------+-------------------------------------------------+-----
Spellcasting   | 3 4 5 6 7 8 9 10 11 | 11.7
Stealth        | 2 4 |  4.0
Staves         | 1 |  1.0
Invocations    | 1 3 5 7 9 10 | 10.0
Fighting       | 1 2 4 6 9 10 | 10.0
Long Blades    | 6 9 11 12 14 | 14.0
Evocations     | 3 4 |  4.5
Armour         | 2 4 |  4.2
Shields        | 3 5 6 |  6.4
Dodging        | 7 8 |  8.2

Action                   |  1- 3 |  4- 6 |  7- 9 | 10-12 | 13-15 | 16-18 || total
-------------------------+-------+-------+-------+-------+-------+-------++-------
Melee: Quarterstaff      |       |    12 |    17 |       |       |       ||    29
       Long sword        |       |       |    45 |   305 |   895 |   122 ||  1367
 Cast: Magic Dart        |    73 |   184 |    90 |   276 |    35 |       ||   658
       Animate Skeleton  |     1 |       |       |       |       |       ||     1
       Mephitic Cloud    |       |     6 |    37 |    88 |   102 |    34 ||   267
       Corpse Rot        |       |     1 |       |       |       |       ||     1
       Conjure Flame     |       |     2 |       |       |       |       ||     2
       Ignite Poison     |       |       |    23 |    45 |    39 |     5 ||   112
       Lee's Rapid Decon |       |       |       |     9 |    32 |     6 ||    47
       Blink             |       |       |       |     2 |    12 |       ||    14
       Cause Fear        |       |       |       |     1 |    14 |     1 ||    16
       Alistair's Intoxi |       |       |       |       |     3 |       ||     3
       Slow              |       |       |       |       |     1 |       ||     1
       Conjure Ball Ligh |       |       |       |       |    31 |       ||    31
Invok: Heal Other        |       |       |       |     2 |    12 |     4 ||    18
       Heal Self         |       |       |       |       |    10 |     3 ||    13
Evoke: Wand              |       |       |       |       |     6 |       ||     6
  Use: Scroll            |       |       |       |    10 |     9 |       ||    19
       Potion            |       |       |       |       |     1 |       ||     1
 Stab: Sleeping          |       |     1 |       |     1 |     6 |       ||     8
       Confused          |       |       |     1 |    10 |    55 |    17 ||    83
       Distracted        |       |       |       |     1 |     1 |     1 ||     3
Armor: Robe              |     5 |    10 |    19 |       |       |       ||    34
       Leather armour    |       |       |       |    93 |   242 |    53 ||   388
       Steam dragon scal |       |       |       |     1 |       |       ||     1
Dodge: Dodged            |    12 |    41 |    45 |   112 |   292 |   103 ||   605
Block: Kite shield       |       |       |       |   129 |   312 |    91 ||   532

Table legend: (Time is in decaauts)
 A = Elapsed time spent in this place.
 B = Non-inter-level travel time spent in this place.
 C = Inter-level travel time spent in this place.
 D = Time resting spent in this place.
 E = Time spent auto-exploring this place.
 F = Levels seen in this place.
 G = Mean time per level.
                   A        B        C        D        E       F      G
               +--------+--------+--------+--------+--------+-----+--------+
         Total |  46363 |  43468 |   2895 |  11587 |  24377 |  25 | 1854.5 |
       Dungeon |  25687 |  23745 |   1942 |   4621 |  15240 |  14 | 1834.8 |
        Temple |    173 |    142 |     31 |      0 |    130 |   1 |  173.0 |
          Lair |  14900 |  14072 |    828 |   4822 |   7109 |   6 | 2483.3 |
   Spider Nest |   2137 |   2129 |      8 |   1187 |    161 |   2 | 1068.5 |
  Orcish Mines |   3464 |   3378 |     86 |    956 |   1737 |   2 | 1732.0 |
               +--------+--------+--------+--------+--------+-----+--------+

Top non-repeatable levels by time:
  Lair:5: 4344 daAuts
    D:10: 3551 daAuts
  Lair:3: 3304 daAuts
    D:13: 3199 daAuts
  Lair:6: 2711 daAuts
     D:2: 2559 daAuts
     D:9: 2452 daAuts
     D:3: 2351 daAuts
    D:12: 2133 daAuts
Spider:1: 2112 daAuts
  Lair:4: 1856 daAuts
     D:8: 1779 daAuts
   Orc:1: 1737 daAuts
   Orc:2: 1727 daAuts
     D:5: 1669 daAuts
